%YAML 1.1
%TAG !u! tag:unity3d.com,2011:
--- !u!29 &1
OcclusionCullingSettings:
  m_ObjectHideFlags: 0
  serializedVersion: 2
  m_OcclusionBakeSettings:
    smallestOccluder: 5
    smallestHole: 0.25
    backfaceThreshold: 100
  m_SceneGUID: 00000000000000000000000000000000
  m_OcclusionCullingData: {fileID: 0}
--- !u!104 &2
RenderSettings:
  m_ObjectHideFlags: 0
  serializedVersion: 9
  m_Fog: 0
  m_FogColor: {r: 0.5, g: 0.5, b: 0.5, a: 1}
  m_FogMode: 3
  m_FogDensity: 0.01
  m_LinearFogStart: 0
  m_LinearFogEnd: 300
  m_AmbientSkyColor: {r: 0.212, g: 0.227, b: 0.259, a: 1}
  m_AmbientEquatorColor: {r: 0.114, g: 0.125, b: 0.133, a: 1}
  m_AmbientGroundColor: {r: 0.047, g: 0.043, b: 0.035, a: 1}
  m_AmbientIntensity: 3.93
  m_AmbientMode: 0
  m_SubtractiveShadowColor: {r: 0.42, g: 0.478, b: 0.627, a: 1}
  m_SkyboxMaterial: {fileID: 2100000, guid: a4f78a684965a2d4bbc20a4b86231606, type: 2}
  m_HaloStrength: 0.5
  m_FlareStrength: 1
  m_FlareFadeSpeed: 3
  m_HaloTexture: {fileID: 0}
  m_SpotCookie: {fileID: 10001, guid: 0000000000000000e000000000000000, type: 0}
  m_DefaultReflectionMode: 0
  m_DefaultReflectionResolution: 128
  m_ReflectionBounces: 1
  m_ReflectionIntensity: 1
  m_CustomReflection: {fileID: 0}
  m_Sun: {fileID: 705507994}
  m_IndirectSpecularColor: {r: 0.048180513, g: 0.10689788, b: 0.14631715, a: 1}
  m_UseRadianceAmbientProbe: 0
--- !u!157 &3
LightmapSettings:
  m_ObjectHideFlags: 0
  serializedVersion: 11
  m_GIWorkflowMode: 0
  m_GISettings:
    serializedVersion: 2
    m_BounceScale: 1
    m_IndirectOutputScale: 1
    m_AlbedoBoost: 1
    m_EnvironmentLightingMode: 0
    m_EnableBakedLightmaps: 1
    m_EnableRealtimeLightmaps: 0
  m_LightmapEditorSettings:
    serializedVersion: 12
    m_Resolution: 2
    m_BakeResolution: 40
    m_AtlasSize: 1024
    m_AO: 0
    m_AOMaxDistance: 1
    m_CompAOExponent: 1
    m_CompAOExponentDirect: 0
    m_ExtractAmbientOcclusion: 0
    m_Padding: 2
    m_LightmapParameters: {fileID: 0}
    m_LightmapsBakeMode: 1
    m_TextureCompression: 1
    m_FinalGather: 0
    m_FinalGatherFiltering: 1
    m_FinalGatherRayCount: 256
    m_ReflectionCompression: 2
    m_MixedBakeMode: 2
    m_BakeBackend: 1
    m_PVRSampling: 1
    m_PVRDirectSampleCount: 32
    m_PVRSampleCount: 500
    m_PVRBounces: 2
    m_PVREnvironmentSampleCount: 500
    m_PVREnvironmentReferencePointCount: 2048
    m_PVRFilteringMode: 2
    m_PVRDenoiserTypeDirect: 0
    m_PVRDenoiserTypeIndirect: 0
    m_PVRDenoiserTypeAO: 0
    m_PVRFilterTypeDirect: 0
    m_PVRFilterTypeIndirect: 0
    m_PVRFilterTypeAO: 0
    m_PVREnvironmentMIS: 0
    m_PVRCulling: 1
    m_PVRFilteringGaussRadiusDirect: 1
    m_PVRFilteringGaussRadiusIndirect: 5
    m_PVRFilteringGaussRadiusAO: 2
    m_PVRFilteringAtrousPositionSigmaDirect: 0.5
    m_PVRFilteringAtrousPositionSigmaIndirect: 2
    m_PVRFilteringAtrousPositionSigmaAO: 1
    m_ExportTrainingData: 0
    m_TrainingDataDestination: TrainingData
    m_LightProbeSampleCountMultiplier: 4
  m_LightingDataAsset: {fileID: 0}
  m_UseShadowmask: 1
--- !u!196 &4
NavMeshSettings:
  serializedVersion: 2
  m_ObjectHideFlags: 0
  m_BuildSettings:
    serializedVersion: 2
    agentTypeID: 0
    agentRadius: 0.5
    agentHeight: 2
    agentSlope: 45
    agentClimb: 0.4
    ledgeDropHeight: 0
    maxJumpAcrossDistance: 0
    minRegionArea: 2
    manualCellSize: 0
    cellSize: 0.16666667
    manualTileSize: 0
    tileSize: 256
    accuratePlacement: 0
    debug:
      m_Flags: 0
  m_NavMeshData: {fileID: 0}
--- !u!114 &375364320 stripped
MonoBehaviour:
  m_CorrespondingSourceObject: {fileID: 4576750705198925698, guid: 599ce90054003ac49ae9013529d94c97,
    type: 3}
  m_PrefabInstance: {fileID: 4576750706484303823}
  m_PrefabAsset: {fileID: 0}
  m_GameObject: {fileID: 0}
  m_Enabled: 1
  m_EditorHideFlags: 0
  m_Script: {fileID: 11500000, guid: 3b36e0733bdf81d41a7bee68849fc685, type: 3}
  m_Name: 
  m_EditorClassIdentifier: 
--- !u!114 &565582646 stripped
MonoBehaviour:
  m_CorrespondingSourceObject: {fileID: 4576750706192945604, guid: 599ce90054003ac49ae9013529d94c97,
    type: 3}
  m_PrefabInstance: {fileID: 4576750706484303823}
  m_PrefabAsset: {fileID: 0}
  m_GameObject: {fileID: 0}
  m_Enabled: 1
  m_EditorHideFlags: 0
  m_Script: {fileID: 11500000, guid: d230be3cbec49c544a9e860989fbdc01, type: 3}
  m_Name: 
  m_EditorClassIdentifier: 
--- !u!1 &705507993
GameObject:
  m_ObjectHideFlags: 0
  m_CorrespondingSourceObject: {fileID: 0}
  m_PrefabInstance: {fileID: 0}
  m_PrefabAsset: {fileID: 0}
  serializedVersion: 6
  m_Component:
  - component: {fileID: 705507995}
  - component: {fileID: 705507994}
  m_Layer: 0
  m_Name: Directional Light
  m_TagString: Untagged
  m_Icon: {fileID: 0}
  m_NavMeshLayer: 0
  m_StaticEditorFlags: 0
  m_IsActive: 1
--- !u!108 &705507994
Light:
  m_ObjectHideFlags: 0
  m_CorrespondingSourceObject: {fileID: 0}
  m_PrefabInstance: {fileID: 0}
  m_PrefabAsset: {fileID: 0}
  m_GameObject: {fileID: 705507993}
  m_Enabled: 1
  serializedVersion: 10
  m_Type: 1
  m_Shape: 0
  m_Color: {r: 1, g: 0.95686275, b: 0.8392157, a: 1}
  m_Intensity: 1
  m_Range: 10
  m_SpotAngle: 30
  m_InnerSpotAngle: 21.80208
  m_CookieSize: 10
  m_Shadows:
    m_Type: 2
    m_Resolution: -1
    m_CustomResolution: -1
    m_Strength: 1
    m_Bias: 0.05
    m_NormalBias: 0.4
    m_NearPlane: 0.2
    m_CullingMatrixOverride:
      e00: 1
      e01: 0
      e02: 0
      e03: 0
      e10: 0
      e11: 1
      e12: 0
      e13: 0
      e20: 0
      e21: 0
      e22: 1
      e23: 0
      e30: 0
      e31: 0
      e32: 0
      e33: 1
    m_UseCullingMatrixOverride: 0
  m_Cookie: {fileID: 0}
  m_DrawHalo: 0
  m_Flare: {fileID: 0}
  m_RenderMode: 0
  m_CullingMask:
    serializedVersion: 2
    m_Bits: 4294967295
  m_RenderingLayerMask: 1
  m_Lightmapping: 1
  m_LightShadowCasterMode: 0
  m_AreaSize: {x: 1, y: 1}
  m_BounceIntensity: 1
  m_ColorTemperature: 6570
  m_UseColorTemperature: 0
  m_BoundingSphereOverride: {x: 6.64e-43, y: 0, z: 0, w: 0}
  m_UseBoundingSphereOverride: 0
  m_ShadowRadius: 0
  m_ShadowAngle: 0
--- !u!4 &705507995
Transform:
  m_ObjectHideFlags: 0
  m_CorrespondingSourceObject: {fileID: 0}
  m_PrefabInstance: {fileID: 0}
  m_PrefabAsset: {fileID: 0}
  m_GameObject: {fileID: 705507993}
  m_LocalRotation: {x: 0.40821788, y: -0.23456968, z: 0.10938163, w: 0.8754261}
  m_LocalPosition: {x: 0, y: 3, z: 0}
  m_LocalScale: {x: 1, y: 1, z: 1}
  m_Children: []
  m_Father: {fileID: 0}
  m_RootOrder: 2
  m_LocalEulerAnglesHint: {x: 50, y: -30, z: 0}
--- !u!114 &869009534 stripped
MonoBehaviour:
  m_CorrespondingSourceObject: {fileID: 5374971263572414556, guid: 3e140459d31d08344ae1565bd34a2041,
    type: 3}
  m_PrefabInstance: {fileID: 5374971263265970210}
  m_PrefabAsset: {fileID: 0}
  m_GameObject: {fileID: 0}
  m_Enabled: 1
  m_EditorHideFlags: 0
  m_Script: {fileID: 11500000, guid: ceb7b8391f43e554ca721e8cf9446594, type: 3}
  m_Name: 
  m_EditorClassIdentifier: 
--- !u!1 &963194225
GameObject:
  m_ObjectHideFlags: 0
  m_CorrespondingSourceObject: {fileID: 0}
  m_PrefabInstance: {fileID: 0}
  m_PrefabAsset: {fileID: 0}
  serializedVersion: 6
  m_Component:
  - component: {fileID: 963194228}
  - component: {fileID: 963194227}
  - component: {fileID: 963194226}
  m_Layer: 0
  m_Name: Main Camera
  m_TagString: MainCamera
  m_Icon: {fileID: 0}
  m_NavMeshLayer: 0
  m_StaticEditorFlags: 0
  m_IsActive: 1
--- !u!81 &963194226
AudioListener:
  m_ObjectHideFlags: 0
  m_CorrespondingSourceObject: {fileID: 0}
  m_PrefabInstance: {fileID: 0}
  m_PrefabAsset: {fileID: 0}
  m_GameObject: {fileID: 963194225}
  m_Enabled: 1
--- !u!20 &963194227
Camera:
  m_ObjectHideFlags: 0
  m_CorrespondingSourceObject: {fileID: 0}
  m_PrefabInstance: {fileID: 0}
  m_PrefabAsset: {fileID: 0}
  m_GameObject: {fileID: 963194225}
  m_Enabled: 1
  serializedVersion: 2
  m_ClearFlags: 1
  m_BackGroundColor: {r: 0.19215687, g: 0.3019608, b: 0.4745098, a: 0}
  m_projectionMatrixMode: 1
  m_GateFitMode: 2
  m_FOVAxisMode: 0
  m_SensorSize: {x: 36, y: 24}
  m_LensShift: {x: 0, y: 0}
  m_FocalLength: 50
  m_NormalizedViewPortRect:
    serializedVersion: 2
    x: 0
    y: 0
    width: 1
    height: 1
  near clip plane: 0.3
  far clip plane: 1000
  field of view: 36.4
  orthographic: 0
  orthographic size: 5
  m_Depth: -1
  m_CullingMask:
    serializedVersion: 2
    m_Bits: 4294967295
  m_RenderingPath: -1
  m_TargetTexture: {fileID: 0}
  m_TargetDisplay: 0
  m_TargetEye: 3
  m_HDR: 1
  m_AllowMSAA: 1
  m_AllowDynamicResolution: 0
  m_ForceIntoRT: 0
  m_OcclusionCulling: 1
  m_StereoConvergence: 10
  m_StereoSeparation: 0.022
--- !u!4 &963194228
Transform:
  m_ObjectHideFlags: 0
  m_CorrespondingSourceObject: {fileID: 0}
  m_PrefabInstance: {fileID: 0}
  m_PrefabAsset: {fileID: 0}
  m_GameObject: {fileID: 963194225}
  m_LocalRotation: {x: 0.2164396, y: 0, z: 0, w: 0.97629607}
  m_LocalPosition: {x: -1446, y: 27089.8, z: -1140}
  m_LocalScale: {x: 1, y: 1, z: 1}
  m_Children: []
  m_Father: {fileID: 0}
  m_RootOrder: 0
  m_LocalEulerAnglesHint: {x: 25, y: 0, z: 0}
--- !u!114 &1139846509 stripped
MonoBehaviour:
  m_CorrespondingSourceObject: {fileID: 9061272180840730693, guid: 363b08e64517473409ac17886b69d748,
    type: 3}
  m_PrefabInstance: {fileID: 9061272181976382760}
  m_PrefabAsset: {fileID: 0}
  m_GameObject: {fileID: 0}
  m_Enabled: 1
  m_EditorHideFlags: 0
  m_Script: {fileID: 11500000, guid: 67947b84639e56e45ac945c4c5f94673, type: 3}
  m_Name: 
  m_EditorClassIdentifier: 
--- !u!1 &1167285723
GameObject:
  m_ObjectHideFlags: 0
  m_CorrespondingSourceObject: {fileID: 0}
  m_PrefabInstance: {fileID: 0}
  m_PrefabAsset: {fileID: 0}
  serializedVersion: 6
  m_Component:
  - component: {fileID: 1167285726}
  - component: {fileID: 1167285725}
  - component: {fileID: 1167285724}
  m_Layer: 0
  m_Name: EventSystem
  m_TagString: Untagged
  m_Icon: {fileID: 0}
  m_NavMeshLayer: 0
  m_StaticEditorFlags: 0
  m_IsActive: 1
--- !u!114 &1167285724
MonoBehaviour:
  m_ObjectHideFlags: 0
  m_CorrespondingSourceObject: {fileID: 0}
  m_PrefabInstance: {fileID: 0}
  m_PrefabAsset: {fileID: 0}
  m_GameObject: {fileID: 1167285723}
  m_Enabled: 1
  m_EditorHideFlags: 0
  m_Script: {fileID: 11500000, guid: 4f231c4fb786f3946a6b90b886c48677, type: 3}
  m_Name: 
  m_EditorClassIdentifier: 
  m_HorizontalAxis: Horizontal
  m_VerticalAxis: Vertical
  m_SubmitButton: Submit
  m_CancelButton: Cancel
  m_InputActionsPerSecond: 10
  m_RepeatDelay: 0.5
  m_ForceModuleActive: 0
--- !u!114 &1167285725
MonoBehaviour:
  m_ObjectHideFlags: 0
  m_CorrespondingSourceObject: {fileID: 0}
  m_PrefabInstance: {fileID: 0}
  m_PrefabAsset: {fileID: 0}
  m_GameObject: {fileID: 1167285723}
  m_Enabled: 1
  m_EditorHideFlags: 0
  m_Script: {fileID: 11500000, guid: 76c392e42b5098c458856cdf6ecaaaa1, type: 3}
  m_Name: 
  m_EditorClassIdentifier: 
  m_FirstSelected: {fileID: 0}
  m_sendNavigationEvents: 1
  m_DragThreshold: 10
--- !u!4 &1167285726
Transform:
  m_ObjectHideFlags: 0
  m_CorrespondingSourceObject: {fileID: 0}
  m_PrefabInstance: {fileID: 0}
  m_PrefabAsset: {fileID: 0}
  m_GameObject: {fileID: 1167285723}
  m_LocalRotation: {x: 0, y: 0, z: 0, w: 1}
  m_LocalPosition: {x: 0, y: 0, z: 0}
  m_LocalScale: {x: 1, y: 1, z: 1}
  m_Children: []
  m_Father: {fileID: 0}
  m_RootOrder: 3
  m_LocalEulerAnglesHint: {x: 0, y: 0, z: 0}
--- !u!114 &1198297539 stripped
MonoBehaviour:
  m_CorrespondingSourceObject: {fileID: 4576750705983622184, guid: 599ce90054003ac49ae9013529d94c97,
    type: 3}
  m_PrefabInstance: {fileID: 4576750706484303823}
  m_PrefabAsset: {fileID: 0}
  m_GameObject: {fileID: 0}
  m_Enabled: 1
  m_EditorHideFlags: 0
  m_Script: {fileID: 11500000, guid: d0846743093f6ca4881621bac531ea81, type: 3}
  m_Name: 
  m_EditorClassIdentifier: 
--- !u!114 &1625401909 stripped
MonoBehaviour:
  m_CorrespondingSourceObject: {fileID: 1625401909, guid: e61644cda34b87546aebd9be31db1457,
    type: 3}
  m_PrefabInstance: {fileID: 1643757970}
  m_PrefabAsset: {fileID: 0}
  m_GameObject: {fileID: 0}
  m_Enabled: 1
  m_EditorHideFlags: 0
  m_Script: {fileID: 11500000, guid: b1e0cc59d7fba334baed206f8324a98b, type: 3}
  m_Name: 
  m_EditorClassIdentifier: 
--- !u!1001 &1643757970
PrefabInstance:
  m_ObjectHideFlags: 0
  serializedVersion: 2
  m_Modification:
    m_TransformParent: {fileID: 0}
    m_Modifications:
    - target: {fileID: 5243983308537423141, guid: e61644cda34b87546aebd9be31db1457,
        type: 3}
      propertyPath: m_LocalPosition.x
      value: -1669
      objectReference: {fileID: 0}
    - target: {fileID: 5243983308537423141, guid: e61644cda34b87546aebd9be31db1457,
        type: 3}
      propertyPath: m_LocalPosition.y
      value: 26888.46
      objectReference: {fileID: 0}
    - target: {fileID: 5243983308537423141, guid: e61644cda34b87546aebd9be31db1457,
        type: 3}
      propertyPath: m_LocalPosition.z
      value: -740.9
      objectReference: {fileID: 0}
    - target: {fileID: 5243983308537423141, guid: e61644cda34b87546aebd9be31db1457,
        type: 3}
      propertyPath: m_LocalRotation.x
      value: 0
      objectReference: {fileID: 0}
    - target: {fileID: 5243983308537423141, guid: e61644cda34b87546aebd9be31db1457,
        type: 3}
      propertyPath: m_LocalRotation.y
      value: 0
      objectReference: {fileID: 0}
    - target: {fileID: 5243983308537423141, guid: e61644cda34b87546aebd9be31db1457,
        type: 3}
      propertyPath: m_LocalRotation.z
      value: 0
      objectReference: {fileID: 0}
    - target: {fileID: 5243983308537423141, guid: e61644cda34b87546aebd9be31db1457,
        type: 3}
      propertyPath: m_LocalRotation.w
      value: 1
      objectReference: {fileID: 0}
    - target: {fileID: 5243983308537423141, guid: e61644cda34b87546aebd9be31db1457,
        type: 3}
      propertyPath: m_RootOrder
      value: 1
      objectReference: {fileID: 0}
    - target: {fileID: 5243983308537423141, guid: e61644cda34b87546aebd9be31db1457,
        type: 3}
      propertyPath: m_LocalEulerAnglesHint.x
      value: 0
      objectReference: {fileID: 0}
    - target: {fileID: 5243983308537423141, guid: e61644cda34b87546aebd9be31db1457,
        type: 3}
      propertyPath: m_LocalEulerAnglesHint.y
      value: 0
      objectReference: {fileID: 0}
    - target: {fileID: 5243983308537423141, guid: e61644cda34b87546aebd9be31db1457,
        type: 3}
      propertyPath: m_LocalEulerAnglesHint.z
      value: 0
      objectReference: {fileID: 0}
    - target: {fileID: 5243983308537423142, guid: e61644cda34b87546aebd9be31db1457,
        type: 3}
      propertyPath: m_Name
      value: CubeRobot
      objectReference: {fileID: 0}
    - target: {fileID: 5243983308537423142, guid: e61644cda34b87546aebd9be31db1457,
        type: 3}
      propertyPath: m_TagString
      value: soundfx
      objectReference: {fileID: 0}
    m_RemovedComponents: []
  m_SourcePrefab: {fileID: 100100000, guid: e61644cda34b87546aebd9be31db1457, type: 3}
--- !u!1001 &1834247064
PrefabInstance:
  m_ObjectHideFlags: 0
  serializedVersion: 2
  m_Modification:
    m_TransformParent: {fileID: 0}
    m_Modifications:
    - target: {fileID: 5328960783754175681, guid: 497f92b3acb823e40856666666c03c3f,
        type: 3}
      propertyPath: tag
      value: levelmusic
      objectReference: {fileID: 0}
    - target: {fileID: 5328960783754175682, guid: 497f92b3acb823e40856666666c03c3f,
        type: 3}
      propertyPath: m_audioClip
      value: 
      objectReference: {fileID: 8300000, guid: e738e64cca1c1c245b413fe3ba61fdeb, type: 3}
    - target: {fileID: 5328960783754175682, guid: 497f92b3acb823e40856666666c03c3f,
        type: 3}
      propertyPath: m_Volume
      value: 0.302
      objectReference: {fileID: 0}
    - target: {fileID: 5328960783754175682, guid: 497f92b3acb823e40856666666c03c3f,
        type: 3}
      propertyPath: Mute
      value: 0
      objectReference: {fileID: 0}
    - target: {fileID: 5328960783754175683, guid: 497f92b3acb823e40856666666c03c3f,
        type: 3}
      propertyPath: m_LocalPosition.x
      value: 498
      objectReference: {fileID: 0}
    - target: {fileID: 5328960783754175683, guid: 497f92b3acb823e40856666666c03c3f,
        type: 3}
      propertyPath: m_LocalPosition.y
      value: 284.74844
      objectReference: {fileID: 0}
    - target: {fileID: 5328960783754175683, guid: 497f92b3acb823e40856666666c03c3f,
        type: 3}
      propertyPath: m_LocalPosition.z
      value: -849
      objectReference: {fileID: 0}
    - target: {fileID: 5328960783754175683, guid: 497f92b3acb823e40856666666c03c3f,
        type: 3}
      propertyPath: m_LocalRotation.x
      value: 0
      objectReference: {fileID: 0}
    - target: {fileID: 5328960783754175683, guid: 497f92b3acb823e40856666666c03c3f,
        type: 3}
      propertyPath: m_LocalRotation.y
      value: 0
      objectReference: {fileID: 0}
    - target: {fileID: 5328960783754175683, guid: 497f92b3acb823e40856666666c03c3f,
        type: 3}
      propertyPath: m_LocalRotation.z
      value: 0
      objectReference: {fileID: 0}
    - target: {fileID: 5328960783754175683, guid: 497f92b3acb823e40856666666c03c3f,
        type: 3}
      propertyPath: m_LocalRotation.w
      value: 1
      objectReference: {fileID: 0}
    - target: {fileID: 5328960783754175683, guid: 497f92b3acb823e40856666666c03c3f,
        type: 3}
      propertyPath: m_RootOrder
      value: 7
      objectReference: {fileID: 0}
    - target: {fileID: 5328960783754175683, guid: 497f92b3acb823e40856666666c03c3f,
        type: 3}
      propertyPath: m_LocalEulerAnglesHint.x
      value: 0
      objectReference: {fileID: 0}
    - target: {fileID: 5328960783754175683, guid: 497f92b3acb823e40856666666c03c3f,
        type: 3}
      propertyPath: m_LocalEulerAnglesHint.y
      value: 0
      objectReference: {fileID: 0}
    - target: {fileID: 5328960783754175683, guid: 497f92b3acb823e40856666666c03c3f,
        type: 3}
      propertyPath: m_LocalEulerAnglesHint.z
      value: 0
      objectReference: {fileID: 0}
    - target: {fileID: 5328960783754175692, guid: 497f92b3acb823e40856666666c03c3f,
        type: 3}
      propertyPath: m_Name
      value: LevelMusic
      objectReference: {fileID: 0}
    - target: {fileID: 5328960783754175692, guid: 497f92b3acb823e40856666666c03c3f,
        type: 3}
      propertyPath: m_TagString
      value: levelmusic
      objectReference: {fileID: 0}
    m_RemovedComponents: []
  m_SourcePrefab: {fileID: 100100000, guid: 497f92b3acb823e40856666666c03c3f, type: 3}
--- !u!1 &2092788076
GameObject:
  m_ObjectHideFlags: 0
  m_CorrespondingSourceObject: {fileID: 0}
  m_PrefabInstance: {fileID: 0}
  m_PrefabAsset: {fileID: 0}
  serializedVersion: 6
  m_Component:
  - component: {fileID: 2092788080}
  - component: {fileID: 2092788079}
  - component: {fileID: 2092788078}
  - component: {fileID: 2092788077}
  - component: {fileID: 2092788081}
  m_Layer: 0
  m_Name: TempCharacter
  m_TagString: Untagged
  m_Icon: {fileID: 0}
  m_NavMeshLayer: 0
  m_StaticEditorFlags: 0
  m_IsActive: 0
--- !u!136 &2092788077
CapsuleCollider:
  m_ObjectHideFlags: 0
  m_CorrespondingSourceObject: {fileID: 0}
  m_PrefabInstance: {fileID: 0}
  m_PrefabAsset: {fileID: 0}
  m_GameObject: {fileID: 2092788076}
  m_Material: {fileID: 0}
  m_IsTrigger: 0
  m_Enabled: 0
  m_Radius: 0.5
  m_Height: 2
  m_Direction: 1
  m_Center: {x: 0, y: 0, z: 0}
--- !u!23 &2092788078
MeshRenderer:
  m_ObjectHideFlags: 0
  m_CorrespondingSourceObject: {fileID: 0}
  m_PrefabInstance: {fileID: 0}
  m_PrefabAsset: {fileID: 0}
  m_GameObject: {fileID: 2092788076}
  m_Enabled: 1
  m_CastShadows: 1
  m_ReceiveShadows: 1
  m_DynamicOccludee: 1
  m_MotionVectors: 1
  m_LightProbeUsage: 1
  m_ReflectionProbeUsage: 1
  m_RayTracingMode: 2
  m_RenderingLayerMask: 1
  m_RendererPriority: 0
  m_Materials:
  - {fileID: 2100000, guid: 488d7021cd4ef834990c8a9347b999f1, type: 2}
  m_StaticBatchInfo:
    firstSubMesh: 0
    subMeshCount: 0
  m_StaticBatchRoot: {fileID: 0}
  m_ProbeAnchor: {fileID: 0}
  m_LightProbeVolumeOverride: {fileID: 0}
  m_ScaleInLightmap: 1
  m_ReceiveGI: 1
  m_PreserveUVs: 0
  m_IgnoreNormalsForChartDetection: 0
  m_ImportantGI: 0
  m_StitchLightmapSeams: 1
  m_SelectedEditorRenderState: 3
  m_MinimumChartSize: 4
  m_AutoUVMaxDistance: 0.5
  m_AutoUVMaxAngle: 89
  m_LightmapParameters: {fileID: 0}
  m_SortingLayerID: 0
  m_SortingLayer: 0
  m_SortingOrder: 0
--- !u!33 &2092788079
MeshFilter:
  m_ObjectHideFlags: 0
  m_CorrespondingSourceObject: {fileID: 0}
  m_PrefabInstance: {fileID: 0}
  m_PrefabAsset: {fileID: 0}
  m_GameObject: {fileID: 2092788076}
  m_Mesh: {fileID: 10208, guid: 0000000000000000e000000000000000, type: 0}
--- !u!4 &2092788080
Transform:
  m_ObjectHideFlags: 0
  m_CorrespondingSourceObject: {fileID: 0}
  m_PrefabInstance: {fileID: 0}
  m_PrefabAsset: {fileID: 0}
  m_GameObject: {fileID: 2092788076}
  m_LocalRotation: {x: 0, y: 0, z: 0, w: 1}
  m_LocalPosition: {x: -1669, y: 390.1, z: -739}
  m_LocalScale: {x: 5, y: 5, z: 20}
  m_Children: []
  m_Father: {fileID: 0}
  m_RootOrder: 6
  m_LocalEulerAnglesHint: {x: 0, y: 0, z: 0}
--- !u!114 &2092788081
MonoBehaviour:
  m_ObjectHideFlags: 0
  m_CorrespondingSourceObject: {fileID: 0}
  m_PrefabInstance: {fileID: 0}
  m_PrefabAsset: {fileID: 0}
  m_GameObject: {fileID: 2092788076}
  m_Enabled: 1
  m_EditorHideFlags: 0
  m_Script: {fileID: 11500000, guid: b1e0cc59d7fba334baed206f8324a98b, type: 3}
  m_Name: 
  m_EditorClassIdentifier: 
  Cubot: {fileID: 0}
  EngineTimeToOpen: 1
--- !u!1001 &4576750706484303823
PrefabInstance:
  m_ObjectHideFlags: 0
  serializedVersion: 2
  m_Modification:
    m_TransformParent: {fileID: 0}
    m_Modifications:
    - target: {fileID: 1235612532416724784, guid: 599ce90054003ac49ae9013529d94c97,
        type: 3}
      propertyPath: character
      value: 
      objectReference: {fileID: 1625401909}
    - target: {fileID: 1431149672360442437, guid: 599ce90054003ac49ae9013529d94c97,
        type: 3}
      propertyPath: character
      value: 
      objectReference: {fileID: 1625401909}
    - target: {fileID: 1906367453885958670, guid: 599ce90054003ac49ae9013529d94c97,
        type: 3}
      propertyPath: character
      value: 
      objectReference: {fileID: 1625401909}
    - target: {fileID: 2219223485884183934, guid: 599ce90054003ac49ae9013529d94c97,
        type: 3}
      propertyPath: SceneLoader
      value: 
      objectReference: {fileID: 1139846509}
    - target: {fileID: 2866186583218966867, guid: 599ce90054003ac49ae9013529d94c97,
        type: 3}
      propertyPath: character
      value: 
      objectReference: {fileID: 1625401909}
    - target: {fileID: 2866186583637369302, guid: 599ce90054003ac49ae9013529d94c97,
        type: 3}
      propertyPath: character
      value: 
      objectReference: {fileID: 1625401909}
    - target: {fileID: 2866186584787728249, guid: 599ce90054003ac49ae9013529d94c97,
        type: 3}
      propertyPath: character
      value: 
      objectReference: {fileID: 1625401909}
    - target: {fileID: 2866186585279146524, guid: 599ce90054003ac49ae9013529d94c97,
        type: 3}
      propertyPath: character
      value: 
      objectReference: {fileID: 1625401909}
    - target: {fileID: 4576750705131711181, guid: 599ce90054003ac49ae9013529d94c97,
        type: 3}
      propertyPath: m_AnchorMax.x
      value: 0
      objectReference: {fileID: 0}
    - target: {fileID: 4576750705131711181, guid: 599ce90054003ac49ae9013529d94c97,
        type: 3}
      propertyPath: m_AnchorMax.y
      value: 0
      objectReference: {fileID: 0}
    - target: {fileID: 4576750705155262765, guid: 599ce90054003ac49ae9013529d94c97,
        type: 3}
      propertyPath: m_Text
      value: "Faz o rob\xF4 percorrer os passos marcados a azul na grelha. Para maximizar
        a pontua\xE7\xE3o e evitar usar m\xFAltiplos blocos Walk, usa o bloco For."
      objectReference: {fileID: 0}
    - target: {fileID: 4576750705155262765, guid: 599ce90054003ac49ae9013529d94c97,
        type: 3}
      propertyPath: m_FontData.m_FontSize
      value: 10
      objectReference: {fileID: 0}
    - target: {fileID: 4576750705155262765, guid: 599ce90054003ac49ae9013529d94c97,
        type: 3}
      propertyPath: m_FontData.m_FontStyle
      value: 1
      objectReference: {fileID: 0}
    - target: {fileID: 4576750705248407920, guid: 599ce90054003ac49ae9013529d94c97,
        type: 3}
      propertyPath: m_AnchorMax.y
      value: 0
      objectReference: {fileID: 0}
    - target: {fileID: 4576750705248407920, guid: 599ce90054003ac49ae9013529d94c97,
        type: 3}
      propertyPath: m_SizeDelta.y
      value: 0
      objectReference: {fileID: 0}
    - target: {fileID: 4576750705307311672, guid: 599ce90054003ac49ae9013529d94c97,
        type: 3}
      propertyPath: m_AnchorMin.y
      value: 0
      objectReference: {fileID: 0}
    - target: {fileID: 4576750705307311672, guid: 599ce90054003ac49ae9013529d94c97,
        type: 3}
      propertyPath: m_AnchorMax.x
      value: 0
      objectReference: {fileID: 0}
    - target: {fileID: 4576750705307311672, guid: 599ce90054003ac49ae9013529d94c97,
        type: 3}
      propertyPath: m_AnchorMax.y
      value: 0
      objectReference: {fileID: 0}
    - target: {fileID: 4576750705432732254, guid: 599ce90054003ac49ae9013529d94c97,
        type: 3}
      propertyPath: m_OnClick.m_PersistentCalls.m_Calls.Array.data[0].m_Target
      value: 
      objectReference: {fileID: 1139846509}
    - target: {fileID: 4576750705487518083, guid: 599ce90054003ac49ae9013529d94c97,
        type: 3}
      propertyPath: AvailableBloxes.Array.size
      value: 2
      objectReference: {fileID: 0}
    - target: {fileID: 4576750705487518083, guid: 599ce90054003ac49ae9013529d94c97,
        type: 3}
      propertyPath: AvailableBloxes.Array.data[0]
      value: 
      objectReference: {fileID: 4576750706484303824}
    - target: {fileID: 4576750705487518083, guid: 599ce90054003ac49ae9013529d94c97,
        type: 3}
      propertyPath: AvailableBloxes.Array.data[1]
      value: 
      objectReference: {fileID: 1198297539}
    - target: {fileID: 4576750705487518083, guid: 599ce90054003ac49ae9013529d94c97,
        type: 3}
      propertyPath: AvailableBloxes.Array.data[2]
      value: 
      objectReference: {fileID: 4576750706484303824}
    - target: {fileID: 4576750705487518083, guid: 599ce90054003ac49ae9013529d94c97,
        type: 3}
      propertyPath: AvailableBloxes.Array.data[3]
      value: 
      objectReference: {fileID: 565582646}
    - target: {fileID: 4576750705487518083, guid: 599ce90054003ac49ae9013529d94c97,
        type: 3}
      propertyPath: AvailableBloxes.Array.data[4]
      value: 
      objectReference: {fileID: 375364320}
    - target: {fileID: 4576750705487518083, guid: 599ce90054003ac49ae9013529d94c97,
        type: 3}
      propertyPath: margin
      value: 40
      objectReference: {fileID: 0}
    - target: {fileID: 4576750705499812653, guid: 599ce90054003ac49ae9013529d94c97,
        type: 3}
      propertyPath: m_AnchorMax.x
      value: 0
      objectReference: {fileID: 0}
    - target: {fileID: 4576750705499812653, guid: 599ce90054003ac49ae9013529d94c97,
        type: 3}
      propertyPath: m_SizeDelta.x
      value: 0
      objectReference: {fileID: 0}
    - target: {fileID: 4576750705942860124, guid: 599ce90054003ac49ae9013529d94c97,
        type: 3}
      propertyPath: SolverAvailable
      value: 1
      objectReference: {fileID: 0}
    - target: {fileID: 4576750705942860124, guid: 599ce90054003ac49ae9013529d94c97,
        type: 3}
      propertyPath: HintTimePeriod
      value: 60
      objectReference: {fileID: 0}
    - target: {fileID: 4576750705942860124, guid: 599ce90054003ac49ae9013529d94c97,
        type: 3}
      propertyPath: MinPatternWindow
      value: 4
      objectReference: {fileID: 0}
    - target: {fileID: 4576750705942860124, guid: 599ce90054003ac49ae9013529d94c97,
        type: 3}
      propertyPath: MaxPatternWindow
      value: 4
      objectReference: {fileID: 0}
    - target: {fileID: 4576750705942860124, guid: 599ce90054003ac49ae9013529d94c97,
        type: 3}
      propertyPath: MinPatternWindowVariation
      value: 1
      objectReference: {fileID: 0}
    - target: {fileID: 4576750705942860124, guid: 599ce90054003ac49ae9013529d94c97,
        type: 3}
      propertyPath: MaxPatternWindowVariation
      value: 2
      objectReference: {fileID: 0}
    - target: {fileID: 4576750705942860124, guid: 599ce90054003ac49ae9013529d94c97,
        type: 3}
      propertyPath: SolverSecondsToAppear
      value: 10
      objectReference: {fileID: 0}
    - target: {fileID: 4576750706084338124, guid: 599ce90054003ac49ae9013529d94c97,
        type: 3}
      propertyPath: m_AnchorMax.y
      value: 0
      objectReference: {fileID: 0}
    - target: {fileID: 4576750706084338124, guid: 599ce90054003ac49ae9013529d94c97,
        type: 3}
      propertyPath: m_SizeDelta.y
      value: 0
      objectReference: {fileID: 0}
    - target: {fileID: 4576750706192111722, guid: 599ce90054003ac49ae9013529d94c97,
        type: 3}
      propertyPath: m_AnchorMin.y
      value: 0
      objectReference: {fileID: 0}
    - target: {fileID: 4576750706192111722, guid: 599ce90054003ac49ae9013529d94c97,
        type: 3}
      propertyPath: m_AnchorMax.x
      value: 0
      objectReference: {fileID: 0}
    - target: {fileID: 4576750706192111722, guid: 599ce90054003ac49ae9013529d94c97,
        type: 3}
      propertyPath: m_AnchorMax.y
      value: 0
      objectReference: {fileID: 0}
    - target: {fileID: 4576750706634119970, guid: 599ce90054003ac49ae9013529d94c97,
        type: 3}
      propertyPath: LevelConfiguration.SpecialCoordinates.Array.size
      value: 0
      objectReference: {fileID: 0}
    - target: {fileID: 4576750706634119970, guid: 599ce90054003ac49ae9013529d94c97,
        type: 3}
      propertyPath: LevelConfiguration.MandatorySteps.Array.size
      value: 6
      objectReference: {fileID: 0}
    - target: {fileID: 4576750706634119970, guid: 599ce90054003ac49ae9013529d94c97,
        type: 3}
      propertyPath: LevelConfiguration.MandatoryBloxes.Array.size
      value: 1
      objectReference: {fileID: 0}
    - target: {fileID: 4576750706634119970, guid: 599ce90054003ac49ae9013529d94c97,
        type: 3}
      propertyPath: LevelConfiguration.OptionalExpectedBloxes.Array.size
      value: 1
      objectReference: {fileID: 0}
    - target: {fileID: 4576750706634119970, guid: 599ce90054003ac49ae9013529d94c97,
        type: 3}
      propertyPath: LevelConfiguration.Character
      value: 
      objectReference: {fileID: 1625401909}
    - target: {fileID: 4576750706634119970, guid: 599ce90054003ac49ae9013529d94c97,
        type: 3}
      propertyPath: LevelConfiguration.FirstTile
      value: 
      objectReference: {fileID: 869009534}
    - target: {fileID: 4576750706634119970, guid: 599ce90054003ac49ae9013529d94c97,
        type: 3}
      propertyPath: LevelConfiguration.MandatoryBloxes.Array.data[0].Blox
      value: 
      objectReference: {fileID: 4576750706484303824}
    - target: {fileID: 4576750706634119970, guid: 599ce90054003ac49ae9013529d94c97,
        type: 3}
      propertyPath: LevelConfiguration.MandatoryBloxes.Array.data[1].Blox
      value: 
      objectReference: {fileID: 4576750706484303825}
    - target: {fileID: 4576750706634119970, guid: 599ce90054003ac49ae9013529d94c97,
        type: 3}
      propertyPath: LevelConfiguration.MandatoryBloxes.Array.data[1].MinimumQuantity
      value: 1
      objectReference: {fileID: 0}
    - target: {fileID: 4576750706634119970, guid: 599ce90054003ac49ae9013529d94c97,
        type: 3}
      propertyPath: LevelConfiguration.MandatoryBloxes.Array.data[2].Blox
      value: 
      objectReference: {fileID: 4576750706484303824}
    - target: {fileID: 4576750706634119970, guid: 599ce90054003ac49ae9013529d94c97,
        type: 3}
      propertyPath: LevelConfiguration.MandatoryBloxes.Array.data[2].MinimumQuantity
      value: 1
      objectReference: {fileID: 0}
    - target: {fileID: 4576750706634119970, guid: 599ce90054003ac49ae9013529d94c97,
        type: 3}
      propertyPath: LevelConfiguration.MaxTimeInMinutes
      value: 5
      objectReference: {fileID: 0}
    - target: {fileID: 4576750706634119970, guid: 599ce90054003ac49ae9013529d94c97,
        type: 3}
      propertyPath: LevelConfiguration.MaxAttempts
      value: 5
      objectReference: {fileID: 0}
    - target: {fileID: 4576750706634119970, guid: 599ce90054003ac49ae9013529d94c97,
        type: 3}
      propertyPath: LevelConfiguration.MandatorySteps.Array.data[1].CoordinateInPlot.y
      value: 2
      objectReference: {fileID: 0}
    - target: {fileID: 4576750706634119970, guid: 599ce90054003ac49ae9013529d94c97,
        type: 3}
      propertyPath: LevelConfiguration.MandatorySteps.Array.data[0].SpecialAction
      value: 0
      objectReference: {fileID: 0}
    - target: {fileID: 4576750706634119970, guid: 599ce90054003ac49ae9013529d94c97,
        type: 3}
      propertyPath: LevelConfiguration.MandatoryBloxes.Array.data[3].Blox
      value: 
      objectReference: {fileID: 565582646}
    - target: {fileID: 4576750706634119970, guid: 599ce90054003ac49ae9013529d94c97,
        type: 3}
      propertyPath: LevelConfiguration.MandatoryBloxes.Array.data[3].MinimumQuantity
      value: 1
      objectReference: {fileID: 0}
    - target: {fileID: 4576750706634119970, guid: 599ce90054003ac49ae9013529d94c97,
        type: 3}
      propertyPath: LevelConfiguration.MandatoryBloxes.Array.data[4].Blox
      value: 
      objectReference: {fileID: 375364320}
    - target: {fileID: 4576750706634119970, guid: 599ce90054003ac49ae9013529d94c97,
        type: 3}
      propertyPath: LevelConfiguration.MandatoryBloxes.Array.data[4].MinimumQuantity
      value: 1
      objectReference: {fileID: 0}
    - target: {fileID: 4576750706634119970, guid: 599ce90054003ac49ae9013529d94c97,
        type: 3}
      propertyPath: LevelConfiguration.MandatorySteps.Array.data[2].CoordinateInPlot.y
      value: 2
      objectReference: {fileID: 0}
    - target: {fileID: 4576750706634119970, guid: 599ce90054003ac49ae9013529d94c97,
        type: 3}
      propertyPath: LevelConfiguration.MandatorySteps.Array.data[3].CoordinateInPlot.x
      value: 3
      objectReference: {fileID: 0}
    - target: {fileID: 4576750706634119970, guid: 599ce90054003ac49ae9013529d94c97,
        type: 3}
      propertyPath: LevelConfiguration.MandatorySteps.Array.data[3].CoordinateInPlot.y
      value: 2
      objectReference: {fileID: 0}
    - target: {fileID: 4576750706634119970, guid: 599ce90054003ac49ae9013529d94c97,
        type: 3}
      propertyPath: LevelConfiguration.MandatorySteps.Array.data[4].CoordinateInPlot.x
      value: 4
      objectReference: {fileID: 0}
    - target: {fileID: 4576750706634119970, guid: 599ce90054003ac49ae9013529d94c97,
        type: 3}
      propertyPath: LevelConfiguration.MandatorySteps.Array.data[4].CoordinateInPlot.y
      value: 2
      objectReference: {fileID: 0}
    - target: {fileID: 4576750706634119970, guid: 599ce90054003ac49ae9013529d94c97,
        type: 3}
      propertyPath: LevelConfiguration.MandatorySteps.Array.data[5].CoordinateInPlot.x
      value: 5
      objectReference: {fileID: 0}
    - target: {fileID: 4576750706634119970, guid: 599ce90054003ac49ae9013529d94c97,
        type: 3}
      propertyPath: LevelConfiguration.MandatorySteps.Array.data[5].CoordinateInPlot.y
      value: 2
      objectReference: {fileID: 0}
    - target: {fileID: 4576750706634119970, guid: 599ce90054003ac49ae9013529d94c97,
        type: 3}
      propertyPath: LevelConfiguration.MandatorySteps.Array.data[6].CoordinateInPlot.x
      value: 3
      objectReference: {fileID: 0}
    - target: {fileID: 4576750706634119970, guid: 599ce90054003ac49ae9013529d94c97,
        type: 3}
      propertyPath: LevelConfiguration.MandatorySteps.Array.data[7].CoordinateInPlot.x
      value: 3
      objectReference: {fileID: 0}
    - target: {fileID: 4576750706634119970, guid: 599ce90054003ac49ae9013529d94c97,
        type: 3}
      propertyPath: LevelConfiguration.MandatorySteps.Array.data[8].CoordinateInPlot.x
      value: 2
      objectReference: {fileID: 0}
    - target: {fileID: 4576750706634119970, guid: 599ce90054003ac49ae9013529d94c97,
        type: 3}
      propertyPath: LevelConfiguration.MandatorySteps.Array.data[9].CoordinateInPlot.x
      value: 2
      objectReference: {fileID: 0}
    - target: {fileID: 4576750706634119970, guid: 599ce90054003ac49ae9013529d94c97,
        type: 3}
      propertyPath: LevelConfiguration.CharacterStartPointInPlot.x
      value: 0
      objectReference: {fileID: 0}
    - target: {fileID: 4576750706634119970, guid: 599ce90054003ac49ae9013529d94c97,
        type: 3}
      propertyPath: LevelConfiguration.MandatorySteps.Array.data[1].CoordinateInPlot.x
      value: 1
      objectReference: {fileID: 0}
    - target: {fileID: 4576750706634119970, guid: 599ce90054003ac49ae9013529d94c97,
        type: 3}
      propertyPath: LevelConfiguration.MandatorySteps.Array.data[2].CoordinateInPlot.x
      value: 2
      objectReference: {fileID: 0}
    - target: {fileID: 4576750706634119970, guid: 599ce90054003ac49ae9013529d94c97,
        type: 3}
      propertyPath: LevelConfiguration.MandatorySteps.Array.data[6].CoordinateInPlot.y
      value: 3
      objectReference: {fileID: 0}
    - target: {fileID: 4576750706634119970, guid: 599ce90054003ac49ae9013529d94c97,
        type: 3}
      propertyPath: LevelConfiguration.MandatorySteps.Array.data[7].CoordinateInPlot.y
      value: 4
      objectReference: {fileID: 0}
    - target: {fileID: 4576750706634119970, guid: 599ce90054003ac49ae9013529d94c97,
        type: 3}
      propertyPath: LevelConfiguration.MandatorySteps.Array.data[8].CoordinateInPlot.y
      value: 4
      objectReference: {fileID: 0}
    - target: {fileID: 4576750706634119970, guid: 599ce90054003ac49ae9013529d94c97,
        type: 3}
      propertyPath: LevelConfiguration.MandatorySteps.Array.data[0].CoordinateInPlot.x
      value: 0
      objectReference: {fileID: 0}
    - target: {fileID: 4576750706634119970, guid: 599ce90054003ac49ae9013529d94c97,
        type: 3}
      propertyPath: LevelConfiguration.MandatorySteps.Array.data[9].CoordinateInPlot.y
      value: 5
      objectReference: {fileID: 0}
    - target: {fileID: 4576750706634119970, guid: 599ce90054003ac49ae9013529d94c97,
        type: 3}
      propertyPath: LevelConfiguration.CharacterInitialOrientation
      value: 90
      objectReference: {fileID: 0}
    - target: {fileID: 4576750706634119970, guid: 599ce90054003ac49ae9013529d94c97,
        type: 3}
      propertyPath: LevelConfiguration.MaxCodeLinesExpected
      value: 2
      objectReference: {fileID: 0}
    - target: {fileID: 4576750706634119970, guid: 599ce90054003ac49ae9013529d94c97,
        type: 3}
      propertyPath: LevelConfiguration.OptionalExpectedBloxes.Array.data[0].Blox
      value: 
      objectReference: {fileID: 1198297539}
    - target: {fileID: 4576750706634119970, guid: 599ce90054003ac49ae9013529d94c97,
        type: 3}
      propertyPath: LevelConfiguration.OptionalExpectedBloxes.Array.data[0].MinimumQuantity
      value: 1
      objectReference: {fileID: 0}
    - target: {fileID: 4576750706634119970, guid: 599ce90054003ac49ae9013529d94c97,
        type: 3}
      propertyPath: LevelConfiguration.MandatorySteps.Array.data[0].CoordinateInPlot.y
      value: 2
      objectReference: {fileID: 0}
    - target: {fileID: 4576750706634119970, guid: 599ce90054003ac49ae9013529d94c97,
        type: 3}
      propertyPath: LevelConfiguration.CharacterStartPointInPlot.y
      value: 2
      objectReference: {fileID: 0}
    - target: {fileID: 4576750706675314751, guid: 599ce90054003ac49ae9013529d94c97,
        type: 3}
      propertyPath: TutorialList.Array.size
      value: 1
      objectReference: {fileID: 0}
    - target: {fileID: 4576750706675314751, guid: 599ce90054003ac49ae9013529d94c97,
        type: 3}
      propertyPath: TutorialList.Array.data[0].ExplanationText
      value: "Tens agora dispon\xEDvel o bloco For. Clica em Help e de seguida neste
        bloco para obteres ajuda sobre ele.\n\nEste bloco permite repetir um conjunto
        de outros blocos um determinado n\xFAmero de vezes.\n\nApenas os blocos filhos
        s\xE3o repetidos."
      objectReference: {fileID: 0}
    - target: {fileID: 4576750706675314751, guid: 599ce90054003ac49ae9013529d94c97,
        type: 3}
      propertyPath: TutorialList.Array.data[0].ExampleImage
      value: 
      objectReference: {fileID: 2800000, guid: d67c726d267ced74eb20ef1a266dece4, type: 3}
    - target: {fileID: 4576750706675314751, guid: 599ce90054003ac49ae9013529d94c97,
        type: 3}
      propertyPath: TemplateTutorialPanel
      value: 
      objectReference: {fileID: 4576750706484303827}
    - target: {fileID: 4576750706675314751, guid: 599ce90054003ac49ae9013529d94c97,
        type: 3}
      propertyPath: TutorialButton
      value: 
      objectReference: {fileID: 4576750706484303826}
    - target: {fileID: 4576750706766406457, guid: 599ce90054003ac49ae9013529d94c97,
        type: 3}
      propertyPath: m_AnchorMax.x
      value: 0
      objectReference: {fileID: 0}
    - target: {fileID: 4576750706766406457, guid: 599ce90054003ac49ae9013529d94c97,
        type: 3}
      propertyPath: m_AnchorMax.y
      value: 0
      objectReference: {fileID: 0}
    - target: {fileID: 4576750706766406457, guid: 599ce90054003ac49ae9013529d94c97,
        type: 3}
      propertyPath: m_SizeDelta.y
      value: 0
      objectReference: {fileID: 0}
    - target: {fileID: 4576750706856352929, guid: 599ce90054003ac49ae9013529d94c97,
        type: 3}
      propertyPath: m_AnchorMax.x
      value: 0
      objectReference: {fileID: 0}
    - target: {fileID: 4576750706856352929, guid: 599ce90054003ac49ae9013529d94c97,
        type: 3}
      propertyPath: m_AnchorMax.y
      value: 0
      objectReference: {fileID: 0}
    - target: {fileID: 4576750706856352929, guid: 599ce90054003ac49ae9013529d94c97,
        type: 3}
      propertyPath: m_SizeDelta.x
      value: 0
      objectReference: {fileID: 0}
    - target: {fileID: 4576750706856352929, guid: 599ce90054003ac49ae9013529d94c97,
        type: 3}
      propertyPath: m_SizeDelta.y
      value: 0
      objectReference: {fileID: 0}
    - target: {fileID: 4576750707083870798, guid: 599ce90054003ac49ae9013529d94c97,
        type: 3}
      propertyPath: m_OnClick.m_PersistentCalls.m_Calls.Array.data[0].m_Target
      value: 
      objectReference: {fileID: 1139846509}
    - target: {fileID: 4576750707118196321, guid: 599ce90054003ac49ae9013529d94c97,
        type: 3}
      propertyPath: m_LocalPosition.x
      value: 0
      objectReference: {fileID: 0}
    - target: {fileID: 4576750707118196321, guid: 599ce90054003ac49ae9013529d94c97,
        type: 3}
      propertyPath: m_LocalPosition.y
      value: 0
      objectReference: {fileID: 0}
    - target: {fileID: 4576750707118196321, guid: 599ce90054003ac49ae9013529d94c97,
        type: 3}
      propertyPath: m_LocalPosition.z
      value: 0
      objectReference: {fileID: 0}
    - target: {fileID: 4576750707118196321, guid: 599ce90054003ac49ae9013529d94c97,
        type: 3}
      propertyPath: m_LocalRotation.x
      value: 0
      objectReference: {fileID: 0}
    - target: {fileID: 4576750707118196321, guid: 599ce90054003ac49ae9013529d94c97,
        type: 3}
      propertyPath: m_LocalRotation.y
      value: 0
      objectReference: {fileID: 0}
    - target: {fileID: 4576750707118196321, guid: 599ce90054003ac49ae9013529d94c97,
        type: 3}
      propertyPath: m_LocalRotation.z
      value: 0
      objectReference: {fileID: 0}
    - target: {fileID: 4576750707118196321, guid: 599ce90054003ac49ae9013529d94c97,
        type: 3}
      propertyPath: m_LocalRotation.w
      value: 1
      objectReference: {fileID: 0}
    - target: {fileID: 4576750707118196321, guid: 599ce90054003ac49ae9013529d94c97,
        type: 3}
      propertyPath: m_RootOrder
      value: 4
      objectReference: {fileID: 0}
    - target: {fileID: 4576750707118196321, guid: 599ce90054003ac49ae9013529d94c97,
        type: 3}
      propertyPath: m_LocalEulerAnglesHint.x
      value: 0
      objectReference: {fileID: 0}
    - target: {fileID: 4576750707118196321, guid: 599ce90054003ac49ae9013529d94c97,
        type: 3}
      propertyPath: m_LocalEulerAnglesHint.y
      value: 0
      objectReference: {fileID: 0}
    - target: {fileID: 4576750707118196321, guid: 599ce90054003ac49ae9013529d94c97,
        type: 3}
      propertyPath: m_LocalEulerAnglesHint.z
      value: 0
      objectReference: {fileID: 0}
    - target: {fileID: 4576750707118196321, guid: 599ce90054003ac49ae9013529d94c97,
        type: 3}
      propertyPath: m_AnchoredPosition.x
      value: 0
      objectReference: {fileID: 0}
    - target: {fileID: 4576750707118196321, guid: 599ce90054003ac49ae9013529d94c97,
        type: 3}
      propertyPath: m_AnchoredPosition.y
      value: 0
      objectReference: {fileID: 0}
    - target: {fileID: 4576750707118196321, guid: 599ce90054003ac49ae9013529d94c97,
        type: 3}
      propertyPath: m_SizeDelta.x
      value: 0
      objectReference: {fileID: 0}
    - target: {fileID: 4576750707118196321, guid: 599ce90054003ac49ae9013529d94c97,
        type: 3}
      propertyPath: m_SizeDelta.y
      value: 0
      objectReference: {fileID: 0}
    - target: {fileID: 4576750707118196321, guid: 599ce90054003ac49ae9013529d94c97,
        type: 3}
      propertyPath: m_AnchorMin.x
      value: 0
      objectReference: {fileID: 0}
    - target: {fileID: 4576750707118196321, guid: 599ce90054003ac49ae9013529d94c97,
        type: 3}
      propertyPath: m_AnchorMin.y
      value: 0
      objectReference: {fileID: 0}
    - target: {fileID: 4576750707118196321, guid: 599ce90054003ac49ae9013529d94c97,
        type: 3}
      propertyPath: m_AnchorMax.x
      value: 0
      objectReference: {fileID: 0}
    - target: {fileID: 4576750707118196321, guid: 599ce90054003ac49ae9013529d94c97,
        type: 3}
      propertyPath: m_AnchorMax.y
      value: 0
      objectReference: {fileID: 0}
    - target: {fileID: 4576750707118196321, guid: 599ce90054003ac49ae9013529d94c97,
        type: 3}
      propertyPath: m_Pivot.x
      value: 0
      objectReference: {fileID: 0}
    - target: {fileID: 4576750707118196321, guid: 599ce90054003ac49ae9013529d94c97,
        type: 3}
      propertyPath: m_Pivot.y
      value: 0
      objectReference: {fileID: 0}
    - target: {fileID: 4576750707118196325, guid: 599ce90054003ac49ae9013529d94c97,
        type: 3}
      propertyPath: m_Name
      value: LevelUI
      objectReference: {fileID: 0}
    - target: {fileID: 4576750707156541064, guid: 599ce90054003ac49ae9013529d94c97,
        type: 3}
      propertyPath: m_AnchorMax.x
      value: 0
      objectReference: {fileID: 0}
    - target: {fileID: 4576750707156541064, guid: 599ce90054003ac49ae9013529d94c97,
        type: 3}
      propertyPath: m_AnchorMax.y
      value: 0
      objectReference: {fileID: 0}
    - target: {fileID: 5713256084746811341, guid: 599ce90054003ac49ae9013529d94c97,
        type: 3}
      propertyPath: character
      value: 
      objectReference: {fileID: 1625401909}
    - target: {fileID: 5930484028957404616, guid: 599ce90054003ac49ae9013529d94c97,
        type: 3}
      propertyPath: character
      value: 
      objectReference: {fileID: 1625401909}
    - target: {fileID: 6634880361777608353, guid: 599ce90054003ac49ae9013529d94c97,
        type: 3}
      propertyPath: character
      value: 
      objectReference: {fileID: 1625401909}
    m_RemovedComponents: []
  m_SourcePrefab: {fileID: 100100000, guid: 599ce90054003ac49ae9013529d94c97, type: 3}
--- !u!114 &4576750706484303824 stripped
MonoBehaviour:
  m_CorrespondingSourceObject: {fileID: 5713256084746811341, guid: 599ce90054003ac49ae9013529d94c97,
    type: 3}
  m_PrefabInstance: {fileID: 4576750706484303823}
  m_PrefabAsset: {fileID: 0}
  m_GameObject: {fileID: 0}
  m_Enabled: 1
  m_EditorHideFlags: 0
  m_Script: {fileID: 11500000, guid: 5d7ec97d891b9d44cb5f8c749c36e495, type: 3}
  m_Name: 
  m_EditorClassIdentifier: 
--- !u!114 &4576750706484303825 stripped
MonoBehaviour:
  m_CorrespondingSourceObject: {fileID: 2866186583218966867, guid: 599ce90054003ac49ae9013529d94c97,
    type: 3}
  m_PrefabInstance: {fileID: 4576750706484303823}
  m_PrefabAsset: {fileID: 0}
  m_GameObject: {fileID: 0}
  m_Enabled: 1
  m_EditorHideFlags: 0
  m_Script: {fileID: 11500000, guid: 5d7ec97d891b9d44cb5f8c749c36e495, type: 3}
  m_Name: 
  m_EditorClassIdentifier: 
--- !u!114 &4576750706484303826 stripped
MonoBehaviour:
  m_CorrespondingSourceObject: {fileID: 4576750706527985878, guid: 599ce90054003ac49ae9013529d94c97,
    type: 3}
  m_PrefabInstance: {fileID: 4576750706484303823}
  m_PrefabAsset: {fileID: 0}
  m_GameObject: {fileID: 0}
  m_Enabled: 1
  m_EditorHideFlags: 0
  m_Script: {fileID: 11500000, guid: 4e29b1a8efbd4b44bb3f3716e73f07ff, type: 3}
  m_Name: 
  m_EditorClassIdentifier: 
--- !u!114 &4576750706484303827 stripped
MonoBehaviour:
  m_CorrespondingSourceObject: {fileID: 4576750706086904080, guid: 599ce90054003ac49ae9013529d94c97,
    type: 3}
  m_PrefabInstance: {fileID: 4576750706484303823}
  m_PrefabAsset: {fileID: 0}
  m_GameObject: {fileID: 0}
  m_Enabled: 1
  m_EditorHideFlags: 0
  m_Script: {fileID: 11500000, guid: 7c1c528555fc19a4c8a3cf2757904499, type: 3}
  m_Name: 
  m_EditorClassIdentifier: 
--- !u!1001 &5374971263265970210
PrefabInstance:
  m_ObjectHideFlags: 0
  serializedVersion: 2
  m_Modification:
    m_TransformParent: {fileID: 0}
    m_Modifications:
    - target: {fileID: 5374971263572414555, guid: 3e140459d31d08344ae1565bd34a2041,
        type: 3}
      propertyPath: m_Name
      value: PlotTile
      objectReference: {fileID: 0}
    - target: {fileID: 5374971263572414559, guid: 3e140459d31d08344ae1565bd34a2041,
        type: 3}
      propertyPath: m_LocalPosition.x
      value: -1669
      objectReference: {fileID: 0}
    - target: {fileID: 5374971263572414559, guid: 3e140459d31d08344ae1565bd34a2041,
        type: 3}
      propertyPath: m_LocalPosition.y
      value: 26862
      objectReference: {fileID: 0}
    - target: {fileID: 5374971263572414559, guid: 3e140459d31d08344ae1565bd34a2041,
        type: 3}
      propertyPath: m_LocalPosition.z
      value: -739
      objectReference: {fileID: 0}
    - target: {fileID: 5374971263572414559, guid: 3e140459d31d08344ae1565bd34a2041,
        type: 3}
      propertyPath: m_LocalRotation.x
      value: 0
      objectReference: {fileID: 0}
    - target: {fileID: 5374971263572414559, guid: 3e140459d31d08344ae1565bd34a2041,
        type: 3}
      propertyPath: m_LocalRotation.y
      value: 0
      objectReference: {fileID: 0}
    - target: {fileID: 5374971263572414559, guid: 3e140459d31d08344ae1565bd34a2041,
        type: 3}
      propertyPath: m_LocalRotation.z
      value: 0
      objectReference: {fileID: 0}
    - target: {fileID: 5374971263572414559, guid: 3e140459d31d08344ae1565bd34a2041,
        type: 3}
      propertyPath: m_LocalRotation.w
      value: 1
      objectReference: {fileID: 0}
    - target: {fileID: 5374971263572414559, guid: 3e140459d31d08344ae1565bd34a2041,
        type: 3}
      propertyPath: m_RootOrder
      value: 5
      objectReference: {fileID: 0}
    - target: {fileID: 5374971263572414559, guid: 3e140459d31d08344ae1565bd34a2041,
        type: 3}
      propertyPath: m_LocalEulerAnglesHint.x
      value: 0
      objectReference: {fileID: 0}
    - target: {fileID: 5374971263572414559, guid: 3e140459d31d08344ae1565bd34a2041,
        type: 3}
      propertyPath: m_LocalEulerAnglesHint.y
      value: 0
      objectReference: {fileID: 0}
    - target: {fileID: 5374971263572414559, guid: 3e140459d31d08344ae1565bd34a2041,
        type: 3}
      propertyPath: m_LocalEulerAnglesHint.z
      value: 0
      objectReference: {fileID: 0}
    m_RemovedComponents: []
  m_SourcePrefab: {fileID: 100100000, guid: 3e140459d31d08344ae1565bd34a2041, type: 3}
--- !u!1001 &9061272181976382760
PrefabInstance:
  m_ObjectHideFlags: 0
  serializedVersion: 2
  m_Modification:
    m_TransformParent: {fileID: 0}
    m_Modifications:
    - target: {fileID: 9061272180840730692, guid: 363b08e64517473409ac17886b69d748,
        type: 3}
      propertyPath: m_Name
      value: SceneLoader
      objectReference: {fileID: 0}
    - target: {fileID: 9061272180840730693, guid: 363b08e64517473409ac17886b69d748,
        type: 3}
      propertyPath: CurrentLevelNumber
      value: 5
      objectReference: {fileID: 0}
    - target: {fileID: 9061272180840730693, guid: 363b08e64517473409ac17886b69d748,
        type: 3}
      propertyPath: CurrentSceneType
      value: 4
      objectReference: {fileID: 0}
    - target: {fileID: 9061272180840730694, guid: 363b08e64517473409ac17886b69d748,
        type: 3}
      propertyPath: m_LocalPosition.x
      value: 563.6459
      objectReference: {fileID: 0}
    - target: {fileID: 9061272180840730694, guid: 363b08e64517473409ac17886b69d748,
        type: 3}
      propertyPath: m_LocalPosition.y
      value: 287.52344
      objectReference: {fileID: 0}
    - target: {fileID: 9061272180840730694, guid: 363b08e64517473409ac17886b69d748,
        type: 3}
      propertyPath: m_LocalPosition.z
      value: -170.25
      objectReference: {fileID: 0}
    - target: {fileID: 9061272180840730694, guid: 363b08e64517473409ac17886b69d748,
        type: 3}
      propertyPath: m_LocalRotation.x
      value: 0
      objectReference: {fileID: 0}
    - target: {fileID: 9061272180840730694, guid: 363b08e64517473409ac17886b69d748,
        type: 3}
      propertyPath: m_LocalRotation.y
      value: 0
      objectReference: {fileID: 0}
    - target: {fileID: 9061272180840730694, guid: 363b08e64517473409ac17886b69d748,
        type: 3}
      propertyPath: m_LocalRotation.z
      value: 0
      objectReference: {fileID: 0}
    - target: {fileID: 9061272180840730694, guid: 363b08e64517473409ac17886b69d748,
        type: 3}
      propertyPath: m_LocalRotation.w
      value: 1
      objectReference: {fileID: 0}
    - target: {fileID: 9061272180840730694, guid: 363b08e64517473409ac17886b69d748,
        type: 3}
      propertyPath: m_RootOrder
      value: 8
      objectReference: {fileID: 0}
    - target: {fileID: 9061272180840730694, guid: 363b08e64517473409ac17886b69d748,
        type: 3}
      propertyPath: m_LocalEulerAnglesHint.x
      value: 0
      objectReference: {fileID: 0}
    - target: {fileID: 9061272180840730694, guid: 363b08e64517473409ac17886b69d748,
        type: 3}
      propertyPath: m_LocalEulerAnglesHint.y
      value: 0
      objectReference: {fileID: 0}
    - target: {fileID: 9061272180840730694, guid: 363b08e64517473409ac17886b69d748,
        type: 3}
      propertyPath: m_LocalEulerAnglesHint.z
      value: 0
      objectReference: {fileID: 0}
    m_RemovedComponents: []
  m_SourcePrefab: {fileID: 100100000, guid: 363b08e64517473409ac17886b69d748, type: 3}
